 Dungeon Sprint DCSS version 0.22-a0-565-gfc6459a (webtiles) character file.

7324 galech the Warrior (level 11, -44/139 HPs)
             Began as an Ogre Berserker on June 28, 2018.
             Was the Champion of Trog.
             Annihilated by Donald
             ... wielding a +0 war axe of holy wrath
              (46 damage)
             ... in the Dungeon (Sprint III: "The Ten Rune Challenge").
             The game lasted 00:07:09 (2250 turns).

galech the Warrior (Ogre Berserker)                 Turns: 2250, Time: 00:07:10

Health: -44/139    AC:  4    Str: 26    XL:     11   Next: 13%
Magic:  3/3        EV: 14    Int:  8    God:    Trog [******]
Gold:   1599       SH:  0    Dex:  8    Spells: 10/10 levels left

rFire    . . .     SeeInvis .   r - +4 giant spiked club (antimagic)
rCold    . . .     Gourm    .   (shield currently unavailable)
rNeg     + . .     Faith    .   m - +1 robe {rN+}
rPois    .         Spirit   .   (helmet restricted)
rElec    .         Reflect  .   (no cloak)
rCorr    .         Harm     .   (gloves unavailable)
MR       +++..     NoTele   +   (boots unavailable)
Stlth    ++........             (no amulet)
HPRegen  1.33/turn              (no ring)
MPRegen  0.08/turn              (no ring)

@: lethally poisoned (-44 -> -60), berserk cooldown, regenerating, slowed,
drained, very slow
A: large, unfitting armour, tough skin 1
a: Berserk, Trog's Hand, Brothers in Arms, Renounce Religion


You were in the Dungeon.
You worshipped Trog.
Trog was exalted by your worship.
You were very hungry.

You visited 1 branch You collected 2159 gold pieces.
You spent 560 gold pieces at shops.

Inventory:

Hand Weapons
 r - a +4 antimagic giant spiked club (weapon)
Armour
 m - a +1 robe of positive energy (worn)
Wands
 l - a wand of polymorph (17)
Scrolls
 i - a scroll of blinking
 k - 4 scrolls of identify
 n - a scroll of immolation {unknown}
 o - 3 scrolls of remove curse
 q - a scroll of torment {unknown}
Potions
 b - 3 potions of mutation {unknown}
 d - 2 potions of curing
 e - 2 potions of heal wounds
 f - a potion of haste
 g - 2 potions of magic
 h - a potion of berserk rage
 p - 4 potions of flight
Miscellaneous
 s - a phial of floods
Comestibles
 c - 10 rations


   Skills:
 + Level 17.3(16.9) Fighting
 + Level 16.6(16.2) Maces & Flails
 + Level 10.8(10.4) Dodging
 + Level 3.5(3.2) Stealth
 + Level 2.6(2.3) Unarmed Combat


You had 10 spell levels left.
You didn't know any spells.
Your spell library was empty.

Dungeon Overview and Level Annotations

Branches:
Dungeon (1/1)

Altars:
Cheibriados
Dithmenos
Elyvilon
Fedhas
Gozag
Hepliaklqana
Kikubaaqudgha
Makhleb
Nemelex Xobeh
Okawaru
Qazlal
Ru
Sif Muna
Trog
Uskayaw
Vehumet
Wu Jian
Xom
Yredelemnul
Zin
The Shining One
Beogh
Jiyva
Lugonu

Annotations:
D Donald, Frances


Innate Abilities, Weirdness & Mutations

You are too large for most types of armour.
You have tough skin. (AC +1)


Message History

* * * LOW HITPOINT WARNING * * *
You are more poisoned.
The orange demon poisons you! The orange demon stings you.
* * * LOW HITPOINT WARNING * * *
You are more poisoned.
The orange demon poisons you!
The orange demon hits you but does no damage.
Donald completely misses you.
Frances chants phrases taken from a devil's mouth.
Frances seems to speed up.
The soul eater hits you!
* * * LOW HITPOINT WARNING * * *
You hit Frances.
Frances's magic leaks into the air.
Frances is almost dead.
You feel yourself speed up.
You are no longer berserk.
You are exhausted.
You feel yourself slow down.
* * * LOW HITPOINT WARNING * * *
You feel very sick.
Donald hits you with a war axe of holy wrath!!!
You die...

#....#.#.#.....#......+
##.#..#.##)###.#......#
)##)#.#.##.#.)##......#
#.))#..#.)##..'...(...#
▓▓▓▓▓▓▓▓▓▓▓▓▓▓#.......#
f≈≈≈...#.......#
♣P.'.......#
♣PP#4......#
♣♣♣##@###### #3@@+
#.4.# #...# #####


You could see Frances, Donald, a soul eater and 2 orange demons.

Vanquished Creatures
  Erolcha (D)
  A deep elf knight (D)
  3 orc knights (D)
  5 deep elf magi (D)
  An orc sorcerer (D)
  2 redbacks (D)
  A shadow (D)
  A spatial vortex (D)
  A necrophage (D)
  3 orc warriors (D)
  5 two-headed ogres (D)
  A water elemental (D)
  6 orc priests (D)
  A wizard (D)
  A jelly (D)
  Jessica (D)
  A necromancer (D)
  3 humans (D)
  A kobold demonologist (D)
  An ooze (D)
  A phantom (D)
  5 orcs (D)
  2 rats (D)
48 creatures vanquished.

Vanquished Creatures (others)
  2 draconian scorchers (D)
  6 hellions (D)
  2 yaktaurs (D)
  An electric eel (D)
  2 plants (D)
13 creatures vanquished.

Grand Total: 61 creatures vanquished

Notes
Turn   | Place    | Note
-------+----------+-------------------------------------------
     0 | D        | galech the Ogre Berserker began the quest for the Orb.
     0 | D        | Reached XP level 1. HP: 24/24 MP: 1/1
    24 | D        | Noticed Jessica
    32 | D        | Killed Jessica
    32 | D        | Reached ** piety under Trog
    32 | D        | Reached skill level 6 in Fighting
    32 | D        | Reached XP level 2. HP: 29/36 MP: 2/2
    32 | D        | Reached XP level 3. HP: 35/44 MP: 3/3
   113 | D        | Reached *** piety under Trog
   116 | D        | Killed a hellion
   135 | D        | Killed a hellion
   135 | D        | Killed a hellion
   136 | D        | Killed a white draconian scorcher
   162 | D        | Killed a white draconian scorcher
   165 | D        | Noticed a water elemental
   171 | D        | Killed a water elemental
   171 | D        | Reached skill level 7 in Fighting
   171 | D        | Reached skill level 5 in Maces & Flails
   171 | D        | Reached skill level 5 in Dodging
   171 | D        | Reached XP level 4. HP: 44/57 MP: 4/4
   179 | D        | Killed a hellion
   224 | D        | Killed a hellion
   243 | D        | Killed a hellion
   253 | D        | Killed a yaktaur
   285 | D        | Found a glowing silver altar of Zin.
   286 | D        | Found a glowing golden altar of the Shining One.
   286 | D        | Found a white marble altar of Elyvilon.
   286 | D        | Noticed a deep elf mage
   292 | D        | Killed a deep elf mage
   292 | D        | Reached skill level 11 in Fighting
   292 | D        | Reached skill level 1 in Unarmed Combat
   292 | D        | Reached XP level 5. HP: 72/72 MP: 5/5
   292 | D        | Reached XP level 6. HP: 80/80 MP: 6/6
   292 | D        | Reached XP level 7. HP: 88/88 MP: 7/7
   301 | D        | Killed a yaktaur
   323 | D        | Found a radiant altar of Vehumet.
   323 | D        | Found a deep blue altar of Sif Muna.
   323 | D        | Found an ancient bone altar of Kikubaaqudgha.
   326 | D        | Noticed an ice devil
   327 | D        | Reached **** piety under Trog
   328 | D        | Noticed an orange demon
   340 | D        | Noticed an ice devil
   370 | D        | Noticed an orange demon
   371 | D        | Noticed a red devil
   375 | D        | Noticed a hellwing
   631 | D        | Found a hide-covered altar of Uskayaw.
   631 | D        | Found a roughly hewn altar of Beogh.
   631 | D        | Found an iron altar of Okawaru.
   631 | D        | Found a bloodstained altar of Trog.
   631 | D        | Found an ornate altar of the Wu Jian Council.
   631 | D        | Noticed a human
   631 | D        | Noticed a human
   638 | D        | Killed a human
   638 | D        | Reached skill level 12 in Fighting
   642 | D        | Killed a human
   642 | D        | Reached ***** piety under Trog
   673 | D        | Found a basalt altar of Yredelemnul.
   673 | D        | Found a shadowy altar of Dithmenos.
   673 | D        | Found a sacrificial altar of Ru.
   677 | D        | Reached skill level 10 in Maces & Flails
   677 | D        | Reached XP level 8. HP: 101/101 MP: 8/8
   696 | D        | Noticed a shadow
   707 | D        | Killed a shadow
   710 | D        | Received a gift from Trog
   710 | D        | Reached skill level 13 in Fighting
   776 | D        | Found a blossoming altar of Fedhas.
   776 | D        | Found a stormy altar of Qazlal.
   777 | D        | Found a snail-covered altar of Cheibriados.
   777 | D        | Found a burning altar of Makhleb.
   777 | D        | Found a hazy altar of Hepliaklqana.
   777 | D        | Found a shimmering altar of Xom.
   777 | D        | Found an opulent altar of Gozag.
   777 | D        | Found a sparkling altar of Nemelex Xobeh.
   777 | D        | Found a corrupted altar of Lugonu.
   777 | D        | Found a viscous altar of Jiyva.
   782 | D        | Reached skill level 1 in Stealth
  1036 | D        | Noticed a two-headed ogre
  1043 | D        | Killed a two-headed ogre
  1043 | D        | Reached XP level 9. HP: 92/110 MP: 3/9
  1091 | D        | Noticed a two-headed ogre
  1091 | D        | Noticed Erolcha
  1094 | D        | Killed Erolcha
  1094 | D        | Received a gift from Trog
  1094 | D        | Reached skill level 14 in Fighting
  1094 | D        | Reached skill level 10 in Dodging
  1096 | D        | Killed a two-headed ogre
  1104 | D        | Reached skill level 15 in Fighting
  1459 | D        | Found Goner's Food Shoppe.
  1460 | D        | Noticed an orc sorcerer
  1460 | D        | Noticed an orc knight
  1460 | D        | Noticed an orc knight
  1460 | D        | Noticed an orc knight
  1474 | D        | Killed an orc sorcerer
  1474 | D        | Reached XP level 10. HP: 121/126 MP: 3/10
  1477 | D        | Killed an orc knight
  1483 | D        | Killed an orc knight
  1483 | D        | Received a gift from Trog
  1487 | D        | Reached skill level 16 in Fighting
  1491 | D        | Reached ****** piety under Trog
  1497 | D        | Killed an orc knight
  1497 | D        | Reached skill level 15 in Maces & Flails
  1508 | D        | Received a gift from Trog
  1784 | D        | Bought a ration for 70 gold pieces
  1784 | D        | Bought a ration for 70 gold pieces
  1784 | D        | Bought a ration for 70 gold pieces
  1784 | D        | Bought a ration for 70 gold pieces
  1784 | D        | Bought a ration for 70 gold pieces
  1784 | D        | Bought a ration for 70 gold pieces
  1784 | D        | Bought a ration for 70 gold pieces
  1784 | D        | Bought a ration for 70 gold pieces
  1800 | D        | Noticed a deep elf mage
  1800 | D        | Noticed a deep elf mage
  1800 | D        | Noticed a deep elf knight
  1800 | D        | Noticed a deep elf mage
  1800 | D        | Noticed a deep elf mage
  1811 | D        | Killed a deep elf mage
  1815 | D        | Killed a deep elf mage
  1818 | D        | Killed a deep elf mage
  1818 | D        | Received a gift from Trog
  1838 | D        | Killed a deep elf knight
  1838 | D        | Reached skill level 17 in Fighting
  1838 | D        | Reached XP level 11. HP: 51/139 MP: 3/11
  1845 | D        | Killed a deep elf mage
  2108 | D        | Noticed a deep elf demonologist
  2109 | D        | Noticed a deep elf mage
  2110 | D        | Noticed a deep elf annihilator
  2111 | D        | Noticed a deep elf high priest
  2111 | D        | Noticed a deep elf death mage
  2112 | D        | Noticed a deep elf annihilator
  2237 | D        | Noticed Donald
  2237 | D        | Noticed Frances
  2240 | D        | Noticed a soul eater
  2249 | D        | HP: 5/208 [soul eater[Frances] (16)]
  2250 | D        | HP: 2/139 [poisoned by an orange demon]
  2250 | D        | Annihilated by Donald

Vault maps used:
D:        dungeon_sprint_mu

Skill      XL: |  1  2  3  4  5  6  7  8  9 10 |
---------------+-------------------------------+-----
Maces & Flails | 4 5 8 10 11 13 16 | 16.6
Dodging        | 4 5 8 9 10 | 10.8
Fighting       | 6 7 11 12 13 15 17 | 17.3
Unarmed Combat | 1 2 |  2.6
Stealth        | 1 2 3 |  3.5

Action                   |  1- 3 |  4- 6 |  7- 9 | 10-12 || total
-------------------------+-------+-------+-------+-------++-------
Melee: Mace              |    21 |     5 |    50 |       ||    76
       Unarmed           |     7 |       |       |       ||     7
       Giant spiked club |       |       |    31 |    62 ||    93
Invok: Berserk           |     2 |     1 |     6 |     3 ||    12
       Trog's Hand       |       |       |     3 |     2 ||     5
  Use: Potion            |       |       |     1 |       ||     1
  Eat: Chunk             |       |       |     8 |     2 ||    10
       Ration            |       |       |     1 |     1 ||     2
Armor: Animal skin       |     2 |       |       |       ||     2
       Robe              |     1 |       |     9 |     2 ||    12
       Skin              |     1 |       |       |       ||     1
Dodge: Dodged            |    16 |       |    57 |    30 ||   103

Table legend:
 A = Spawn XP
 B = Non-spawn XP
 C = Spawn XP percentage of total XP
 D = Spawn monster count
 E = Non-spawn monster count
 F = Spawn count percentage of total count
 G = Total turns spent on level
                    A         B        C        D         E        F      G
               +---------+---------+-------+---------+---------+-------+---------
         Total |       0 |   10464 |   0.0 |       0 |      48 |   0.0 |  2250
               +---------+---------+-------+---------+---------+-------+---------
             D |       0 |   10464 |   0.0 |       0 |      48 |   0.0 |  2250
               +---------+---------+-------+---------+---------+-------+---------
